 Dungeon Crawl Stone Soup version 0.30.1-3-gfc49f6343a (webtiles) character file.

Game seed: 12200624430693295645

60624 Babbit the Severer (level 14, -11/129 HPs)
             Began as a Minotaur Fighter on Aug 7, 2023.
             Was the Champion of Okawaru.
             Shot with a bolt by Vashnia (38 damage)
             ... on level 3 of the Snake Pit on Aug 8, 2023.
             The game lasted 01:56:12 (17569 turns).

Babbit the Severer (Minotaur Fighter)              Turns: 17569, Time: 01:56:13

Health: -11/129    AC: 26    Str: 30    XL:     14   Next: 57%
Magic:  19/19      EV: 14    Int:  3    God:    Okawaru [******]
Gold:   972        SH:  8    Dex: 10    Spells: 13/13 levels left

rFire   . . .        U - +8 mithril axe "Arga" {speed, Will+}
rCold   . . .        w - +1 buckler of Okawaru, Mashing {Will+ SInv}
rNeg    + + +        C - +4 chain mail of the Onion {Rampage Regen+ Int-3 Slay+3}
rPois   .            H - +2 hat {Int+3}
rElec   +            u - +2 cloak {Will+}
rCorr   .            S - +1 pair of gloves of Vavves {rF- rN+++ Regen+ Stlth-}
SInv    +            X - +0 pair of boots of Bas Lomo {rElec Will+ Int-2}
Will    +++++        D - amulet of the Ant {RegenMP Contam rN+++ Str+4}
Stlth   x              - ring of the Dozen Mice {Fly rF+ Slay+5}
HPRegen 2.01/turn    V - +5 ring of evasion
MPRegen 0.56/turn

%: rampage
@: lethally poisoned (-11 -> -12), flying
A: horns 2, retaliatory headbutt
a: Renounce Religion, Heroism, Finesse, Duel


You were on level 3 of the Snake Pit.
You worshipped Okawaru.
Okawaru was exalted by your worship.
You visited 5 branches of the dungeon, and saw 21 of its levels.
You also visited: Bailey and Ice Cave.

You collected 2737 gold pieces.
You spent 1765 gold pieces at shops.

Inventory:

Hand Weapons
 J - a +6 war axe of flaming
 U - the +8 mithril axe "Arga" (weapon) {speed, Will+}
   (You bought it in a shop on level 11 of the Dungeon)

   Will:      It increases your willpower.
Missiles
 c - 3 silver javelins
 F - 12 javelins
 I - 7 boomerangs (quivered)
 P - 2 silver boomerangs
Armour
 q - the +8 chain mail of Hadjma {rC- rN+++ rCorr Str+2}
   (You acquired it on level 3 of the Dungeon)

   Str:       It affects your strength (+2).
   rC:        It makes you vulnerable to cold.
   rN:        It renders you almost immune to negative energy.
   rCorr:     It protects you from acid and corrosion.
 u - a +2 cloak of willpower (worn)
 w - the +1 buckler of Okawaru, Mashing (worn) {Will+ SInv}
   (Okawaru gifted it to you on level 5 of the Lair of Beasts)

   SInv:      It lets you see invisible.
   Will:      It increases your willpower.
 C - the +4 chain mail of the Onion (worn) {Rampage Regen+ Int-3 Slay+3}
   (You found it on level 1 of the Snake Pit)

   Int:       It affects your intelligence (-3).
   Slay:      It affects your accuracy & damage with ranged weapons and melee
   (+3).
   Regen:     It increases your rate of health regeneration.
   Rampage:   It bestows one free step when moving towards enemies.
 H - a +2 hat of intelligence (worn)
 Q - a +4 plate armour of fire resistance
 S - the +1 pair of gloves of Vavves (worn) {rF- rN+++ Regen+ Stlth-}
   (You bought it in a shop on level 11 of the Dungeon)

   rF:        It makes you vulnerable to fire.
   rN:        It renders you almost immune to negative energy.
   Regen:     It increases your rate of health regeneration.
   Stlth:     It makes you less stealthy.
 X - the +0 pair of boots of Bas Lomo (worn) {rElec Will+ Int-2}
   (Okawaru gifted it to you on level 2 of the Lair of Beasts)

   Int:       It affects your intelligence (-2).
   rElec:     It insulates you from electricity.
   Will:      It increases your willpower.
Jewellery
 e - a ring of willpower
 x - the ring of the Dozen Mice (left hand) {Fly rF+ Slay+5}
   (You acquired it on level 8 of the Dungeon)

   [ring of flight]

   Slay:      It affects your accuracy & damage with ranged weapons and melee
   (+5).
   rF:        It protects you from fire.
   Fly:       It grants you flight.
 D - the amulet of the Ant (around neck) {RegenMP Contam rN+++ Str+4}
   (You acquired it on level 8 of the Dungeon)

   [amulet of magic regeneration]

   It increases your rate of magic regeneration.
   Str:       It affects your strength (+4).
   rN:        It renders you almost immune to negative energy.
   Contam:    It causes magical contamination when unequipped.
 G - a ring of see invisible
 V - a +5 ring of evasion (right hand)
 Z - an amulet of guardian spirit
Wands
 i - a wand of mindburst (15)
 y - a wand of flame (25)
 M - a wand of polymorph (2)
 O - a wand of paralysis (7)
 T - a wand of acid (7)
 W - a wand of iceblast (12)
 Y - a wand of digging (3)
Scrolls
 a - 3 scrolls of identify
 f - a scroll of blinking
 g - a scroll of torment {unknown}
 j - 3 scrolls of fog
 o - 4 scrolls of teleportation
 v - 8 scrolls of magic mapping
 z - a scroll of fear
 A - 2 scrolls of silence
 B - a scroll of brand weapon
Potions
 d - 5 potions of might
 k - 6 potions of curing
 l - a potion of ambrosia {unknown}
 m - 2 potions of berserk rage {unknown}
 n - 6 potions of lignification
 p - 5 potions of mutation
 r - 8 potions of heal wounds
 s - a potion of attraction {unknown}
 t - 3 potions of haste
 E - a potion of brilliance {unknown}
 K - 2 potions of magic
 L - 2 potions of invisibility
 N - 3 potions of cancellation
 R - a potion of resistance


   Skills:
 + Level 13.4 Fighting
 - Level 18.0 Axes
 + Level 5.4 Throwing
 + Level 13.5 Armour
 + Level 13.4 Shields
 + Level 8.2 Invocations
 + Level 1.7 Evocations


You had 13 spell levels left.
You didn't know any spells.
Your spell library contained the following spells:

 Spells                   Type           Power      Damage    Failure   Level
 Beastly Appendage        Tmut           0%         N/A       89%         1
 Wereblood                Tmut           0%         N/A       96%         2
 Hailstorm                Conj/Ice       0%         3d3       99%         3
 Inner Flame              Hex/Fire       0%         N/A       99%         3
 Spider Form              Tmut/Pois      0%         N/A       99%         3
 Stone Arrow              Conj/Erth      0%         3d7       99%         3
 Volatile Blastmotes      Fire/Tloc      0%         2d10      99%         3
 Flame Wave               Conj/Fire      0%         2d4       100%        4
 Fulminant Prism          Conj/Hex       0%         3d5       100%        4
 Ice Form                 Ice/Tmut       0%         N/A       100%        4
 Iskenderun's Mystic Bla  Conj/Tloc      0%         2d3       100%        4
 Sticky Flame             Conj/Fire      0%         2d3       100%        4
 Blade Hands              Tmut           0%         N/A       100%        5
 Iskenderun's Battlesphe  Conj           0%         2d6       100%        5
 Lee's Rapid Deconstruct  Erth           0%         3d4*      100%        5
 Iron Shot                Conj/Erth      0%         9d1       100%        6
 Starburst                Conj/Fire      0%         6d3       100%        6
 Lehudib's Crystal Spear  Conj/Erth      0%         10d2      100%        8
 Fire Storm               Conj/Fire      0%         5d1       100%        9
 Animate Armour           Summ/Erth      Unusable   N/A       N/A         4
 Simulacrum               Ice/Necr       Unusable   N/A       N/A         6
 Spellforged Servitor     Conj/Summ      Unusable   N/A       N/A         7

Dungeon Overview and Level Annotations

Branches:
Dungeon (11/15)            Temple (1/1) D:4            Lair (5/5) D:9
  Swamp (0/4) Lair:2        Snake (3/4) Lair:3        Slime (0/5) Lair:5
   Hell (visited)          Bailey (visited)           IceCv (visited)
    Orc: D:9-12         Dis: Hell:1         Geh: Hell:1         Coc: Hell:1
    Tar: Hell:1

Altars:
Ashenzari
Cheibriados
Dithmenos
Elyvilon
Fedhas
Gozag
Hepliaklqana
Kikubaaqudgha
Makhleb
Nemelex Xobeh
Okawaru
Qazlal
Ru
Sif Muna
Trog
Uskayaw
Vehumet
Wu Jian
Xom
Yredelemnul
Zin
The Shining One
Jiyva

Shops:
D:11 ![((?   Snake:2 ::=

Portals:
Hell: Lair:5

Annotations:
Snake:3 Vashnia
Hell Geryon


Innate Abilities, Weirdness & Mutations

You have a pair of horns on your head.
You reflexively headbutt those who attack you in melee.


Message History

The naga sharpshooter magically shoots a bolt.
The bolt hits you!!
Vashnia shoots a bolt.
You block the bolt.
The naga sharpshooter casts a spell.
The naga sharpshooter magically shoots an arrow.
The arrow hits you but does no damage.
Things that are here:
a +0 shortbow; a +0 war axe
Found 17 gold pieces.
You feel sick.
The naga sharpshooter shoots a bolt.
The bolt barely misses you.
The naga sharpshooter shoots a bolt.
The bolt barely misses you.
Vashnia shoots a bolt.
The bolt hits you!!
You completely miss Vashnia. Your headbutt misses Vashnia.
You closely miss Vashnia. Your headbutt misses Vashnia.
You feel sick.
Vashnia shoots a bolt.
The bolt hits you!
The naga sharpshooter spits poison at you.
The splash of poison misses you.
A mana viper comes into view.
The mana viper hisses angrily.
You hit Vashnia.
Vashnia is lightly wounded.
You slice Vashnia!!
Vashnia is lightly wounded.
You feel sick.
You hear a shout!
The naga sharpshooter casts a spell.
The naga sharpshooter magically shoots a bolt.
The bolt hits you!
Vashnia mumbles some strange words.
Vashnia magically shoots a bolt.
The bolt hits you but does no damage.
The naga sharpshooter casts a spell.
The naga sharpshooter magically shoots a bolt.
The bolt hits you.
You feel sick.
The naga sharpshooter shoots a bolt.
The bolt hits you!!
* * * LOW HITPOINT WARNING * * *
Vashnia spits poison at you.
The splash of poison hits you but does no damage.
You are more poisoned.
The naga sharpshooter spits poison at you.
The splash of poison misses you.
You feel sick.
Vashnia shoots a bolt.
The bolt hits you!!!
You die...

.............##
..........N...#
...S........$.
............#
.....N......#
......N....#
........)..#
...........###..
........@......#
....N......#....
$.......#####....
..(....## ....
......# ...
....## .. ..# ..


You could see Vashnia (catching breath), 3 naga sharpshooters and a mana viper.

Vanquished Creatures
  Gastronok (D:8)
  Frances (Snake:2)
  Aizul (Snake:2)
  A reaper (Lair:5)
  3 hydras
  5 anacondas
  A two-headed ogre (D:11)
  A boulder beetle (Lair:5)
  8 death yaks
  A naga sharpshooter (Snake:3)
  A naga warrior (Snake:1)
  A shock serpent (Snake:1)
  Urug (D:10)
  A sun demon (Lair:5)
  A naga ritualist (Snake:1)
  A wizard (Lair:5)
  An orc knight (Bailey)
  4 mana vipers
  A manticore (D:10)
  7 elephants
  2 salamanders
  14 black mambas
  A smoke demon (Lair:5)
  6 naga magi
  3 orange demons (Lair:5)
  Maggie (D:7)
  10 cane toads
  A torpor snail (Lair:5)
  2 kobold demonologists (Bailey)
  An unseen horror (D:11)
  6 komodo dragons
  9 rime drakes
  2 ice devils (Lair:5)
  A red devil (Lair:5)
  2 polar bears
  Grinder (D:3)
  5 blink frogs
  5 wyverns
  2 shadows (D:11)
  4 basilisks
  50 yaks
  4 steam dragons
  2 death yak simulacra (IceCv)
  10 vampire mosquitoes
  The ghost of zzuzz the Magician, an amateur DjFE (D:3)
  Menkaure (D:7)
  3 nagas
  An acid dragon (D:9)
  14 water moccasins
  3 hell hounds (Lair:5)
  15 orc warriors
  2 black bears
  3 sky beasts
  2 ogres (D:6)
  12 wolves
  2 centaurs
  3 kobold brigands
  10 bullfrogs
  2 necrophages (D:6)
  3 scorpions
  A two-headed ogre simulacrum (IceCv)
  4 killer bees (D:11)
  2 elephant simulacra (IceCv)
  3 howler monkeys
  7 electric eels
  3 bullfrog zombies (D:6)
  5 hounds
  2 jellies
  3 gnoll boudas
  8 orc priests
  A human zombie (D:6)
  A sleepcap (D:5)
  Terence (D:2)
  10 orc wizards
  An iguana (D:6)
  A troll simulacrum (IceCv)
  3 mummies (D:6)
  3 howler monkey zombies (D:6)
  18 gnolls
  12 adders
  A shadow imp (D:6)
  3 white imps
  2 ufetubi (IceCv)
  A worm (D:2)
  A dart slug (D:2)
  57 orcs
  7 bats
  8 endoplasms
  4 giant cockroaches
  15 goblins
  10 hobgoblins
  14 jackals
  8 quokkas
  8 ball pythons
  3 frilled lizards
  26 kobolds
  3 rats (D:1)
523 creatures vanquished.

Notes
Turn   | Place    | Note
-------+----------+-------------------------------------------
     0 | D:1      | Babbit the Minotaur Fighter began the quest for the Orb.
     0 | D:1      | Reached XP level 1. HP: 19/19 MP: 0/0
   105 | D:1      | HP: 1/20 [frozen (5)]
   109 | D:1      | Reached XP level 2. HP: 3/27 MP: 1/1
   260 | D:1      | Reached skill level 3 in Axes
   619 | D:1      | Reached XP level 3. HP: 33/33 MP: 2/2
   802 | D:1      | Found a faded altar of an unknown god.
  1130 | D:2      | Noticed Terence
  1141 | D:2      | Killed Terence
  1142 | D:2      | Reached XP level 4. HP: 29/40 MP: 3/3
  1226 | D:2      | Reached skill level 4 in Axes
  1265 | D:2      | Found a radiant altar of Vehumet.
  1442 | D:2      | Reached XP level 5. HP: 47/47 MP: 4/4
  1882 | D:3      | Identified 3 scrolls of acquirement
  1882 | D:3      | Acquired the +8 chain mail of Hadjma {rC- rN+++ rCorr
                  | Str+2}
  1895 | D:3      | Acquired 1335 gold pieces
  1896 | D:3      | Acquired a +5 battleaxe of electrocution
  2191 | D:3      | Noticed Grinder
  2199 | D:3      | Killed Grinder
  2200 | D:3      | Reached skill level 5 in Fighting
  2200 | D:3      | Reached skill level 5 in Axes
  2200 | D:3      | Reached skill level 5 in Armour
  2200 | D:3      | Reached skill level 5 in Shields
  2200 | D:3      | Reached XP level 6. HP: 56/56 MP: 5/5
  2224 | D:3      | Found a runed translucent gate.
  2225 | D:3      | Found a runed translucent gate.
  2225 | D:3      | Noticed zzuzz's ghost (amateur DjFE)
  2226 | D:3      | Found a runed translucent gate.
  2259 | D:3      | Killed zzuzz's ghost
  2260 | D:3      | Reached skill level 6 in Axes
  2260 | D:3      | Reached XP level 7. HP: 61/61 MP: 6/6
  2387 | D:3      | Found a shimmering altar of Xom.
  2485 | D:3      | Found an ancient bone altar of Kikubaaqudgha.
  2876 | D:4      | Reached skill level 7 in Axes
  2877 | D:4      | Found a staircase to the Ecumenical Temple.
  2891 | Temple   | Entered the Ecumenical Temple
  3388 | D:5      | Entered Level 5 of the Dungeon
  3408 | D:5      | Reached XP level 8. HP: 70/70 MP: 7/7
  3726 | D:5      | Reached skill level 8 in Axes
  3932 | D:5      | Identified the +2 scale mail of Dithmenos's Supremacy
                  | {Harm}
  3935 | D:5      | Found a hide-covered altar of Uskayaw.
  3949 | D:5      | Found a stormy altar of Qazlal.
  4010 | D:5      | Found an iron altar of Okawaru.
  4037 | D:5      | Became a worshipper of Warmaster Okawaru
  4293 | D:6      | Found a shimmering blue altar of Sif Muna.
  4346 | D:6      | Reached skill level 9 in Axes
  4346 | D:6      | Reached skill level 1 in Invocations
  4543 | D:6      | Reached * piety under Okawaru
  4544 | D:6      | Reached XP level 9. HP: 79/79 MP: 9/9
  4550 | D:6      | You fall into a shaft and drop 1 floor!
  4735 | D:6      | Found a hazy altar of Hepliaklqana.
  4920 | D:6      | Found a basalt altar of Yredelemnul.
  5438 | D:7      | Noticed Menkaure
  5445 | D:7      | Killed Menkaure
  5502 | D:7      | Noticed Maggie
  5509 | D:7      | Killed Maggie
  5509 | D:7      | Reached ** piety under Okawaru
  5510 | D:7      | Reached skill level 10 in Axes
  6372 | D:8      | Noticed Gastronok
  6386 | D:8      | Killed Gastronok
  6387 | D:8      | Reached skill level 11 in Axes
  6387 | D:8      | Reached XP level 10. HP: 61/90 MP: 10/12
  6718 | D:8      | Found a flagged portal.
  6736 | Bailey   | Entered a bailey
  6807 | Bailey   | Reached *** piety under Okawaru
  7119 | Bailey   | Found an iron altar of Okawaru.
  7165 | Bailey   | Identified the +0 robe of Dogma {rElec Slay+3 Stlth+}
  7166 | Bailey   | Identified the +2 ring mail of the Cricket {Str+3}
  7197 | Bailey   | Identified the +5 arbalest of Eternal Night {freeze,
                  | Fragile Str+4}
  7265 | Bailey   | Noticed an orc knight
  7274 | Bailey   | Killed an orc knight
  7274 | Bailey   | Reached **** piety under Okawaru
  7275 | Bailey   | Reached skill level 12 in Axes
  7275 | Bailey   | Reached skill level 5 in Invocations
  7851 | D:8      | Acquired the ring of the Dozen Mice {Fly rF+ Slay+5}
  7857 | D:8      | Acquired the amulet of the Ant {RegenMP Contam rN+++ Str+4}
  8297 | D:9      | Found a blossoming altar of Fedhas.
  8427 | D:9      | Found a sacrificial altar of Ru.
  8511 | D:9      | Noticed a death yak
  8517 | D:9      | Noticed a death yak
  8522 | D:9      | Noticed a death yak
  8524 | D:9      | Killed a death yak
  8525 | D:9      | Reached skill level 1 in Throwing
  8525 | D:9      | Reached XP level 11. HP: 58/97 MP: 7/13
  8540 | D:9      | Killed a death yak
  8544 | D:9      | Killed a death yak
  8544 | D:9      | Reached ***** piety under Okawaru
  8548 | D:9      | Reached skill level 13 in Axes
  8700 | D:9      | Found a staircase to the Lair.
  8722 | D:9      | Found a glowing silver altar of Zin.
  8829 | D:9      | Found a shadowy altar of Dithmenos.
  8870 | D:9      | Reached skill level 10 in Armour
  9015 | D:9      | Found a sparkling altar of Nemelex Xobeh.
  9222 | D:10     | Entered Level 10 of the Dungeon
  9253 | D:10     | Reached skill level 10 in Fighting
  9428 | D:10     | Noticed Urug
  9444 | D:10     | Killed Urug
  9445 | D:10     | Reached skill level 10 in Shields
 10014 | D:11     | Found Wayrrox's Distillery.
 10028 | D:11     | Bought a potion of resistance for 170 gold pieces
 10028 | D:11     | Bought a potion of cancellation for 136 gold pieces
 10028 | D:11     | Bought a potion of might for 68 gold pieces
 10028 | D:11     | Bought a potion of haste for 170 gold pieces
 10047 | D:11     | Found Wewe's Armour Boutique.
 10057 | D:11     | Bought the +1 pair of gloves of Vavves {rF- rN+++ Regen+
                  | Stlth-} for 378 gold pieces
 10072 | D:11     | Found Deosu's Weapon Shoppe.
 10084 | D:11     | Noticed a two-headed ogre
 10090 | D:11     | Killed a two-headed ogre
 10090 | D:11     | Received a gift from Okawaru
 10096 | D:11     | Bought the +8 mithril axe "Arga" {speed, Will+} for 710
                  | gold pieces
 10096 | D:11     | Found the +8 mithril axe "Arga" {speed, Will+}
 10104 | D:11     | Identified the +6 short sword "Itib" {drain, Str+7 Int+3}
 10484 | D:11     | Found a transporter.
 10484 | D:11     | Found Wosic's Magic Scroll Shoppe.
 10517 | D:11     | Found Jywump's Weapon Emporium.
 10530 | D:11     | Reached skill level 14 in Axes
 10777 | D:11     | Found a transporter.
 10788 | D:11     | Bought a scroll of enchant armour for 105 gold pieces
 10788 | D:11     | Bought a scroll of identify for 28 gold pieces
 10947 | Lair:1   | Entered Level 1 of the Lair of Beasts
 10959 | Lair:1   | Reached ****** piety under Okawaru
 10960 | Lair:1   | Reached XP level 12. HP: 107/107 MP: 14/14
 10960 | Lair:1   | Received a gift from Okawaru
 11761 | Lair:2   | Reached skill level 5 in Throwing
 11766 | Lair:2   | Reached skill level 15 in Axes
 11785 | Lair:2   | Found a staircase to the Swamp.
 12012 | Lair:2   | Identified the +0 pair of boots of Bas Lomo {rElec Will+
                  | Int-2} (Okawaru gifted it to you on level 2 of the Lair of
                  | Beasts)
 12012 | Lair:2   | Received a gift from Okawaru
 12540 | Lair:3   | Found a staircase to the Snake Pit.
 13286 | Lair:4   | Reached XP level 13. HP: 107/116 MP: 16/16
 13440 | Lair:4   | Reached skill level 16 in Axes
 13482 | Lair:4   | Identified the +5 mace "Fisy" {heavy, rElec rN+ Will+
                  | Stlth+}
 14345 | Lair:5   | Entered Level 5 of the Lair of Beasts
 14405 | Lair:5   | Found a viscous altar of Jiyva.
 14405 | Lair:5   | Found a staircase to the Slime Pits.
 14443 | Lair:5   | Identified the +0 pair of boots of the Beginning {rPois
                  | rF+} (Okawaru gifted it to you on level 5 of the Lair of
                  | Beasts)
 14443 | Lair:5   | Received a gift from Okawaru
 14934 | Lair:5   | Found a frozen archway.
 14946 | IceCv    | Entered an ice cave
 14949 | IceCv    | Reached skill level 17 in Axes
 15298 | Lair:5   | Identified the +1 buckler of Okawaru, Mashing {Will+ SInv}
                  | (Okawaru gifted it to you on level 5 of the Lair of Beasts)
 15298 | Lair:5   | Received a gift from Okawaru
 15353 | Lair:5   | Found a burning altar of Makhleb.
 15448 | Lair:5   | Found a gateway to Hell.
 15463 | Hell     | Entered the Vestibule of Hell
 15463 | Hell     | Noticed Geryon
 15463 | Hell     | Noticed a reaper
 15463 | Hell     | Noticed a reaper
 15463 | Hell     | Noticed a reaper
 15469 | Lair:5   | Killed a reaper
 15470 | Lair:5   | Reached XP level 14. HP: 127/127 MP: 18/18
 15558 | Hell     | Noticed a reaper
 15857 | Snake:1  | Entered Level 1 of the Snake Pit
 16016 | Snake:1  | Got Cerebov's Directory of the Salvo
 16793 | Snake:1  | Identified the +4 chain mail of the Onion {Rampage Regen+
                  | Int-3 Slay+3}
 17126 | Snake:2  | Noticed Frances
 17126 | Snake:2  | Noticed Aizul
 17142 | Snake:2  | Killed Aizul
 17142 | Snake:2  | Identified the +6 flail "Jesum" {freeze, rPois Will- Dex+5}
                  | (Okawaru gifted it to you on level 2 of the Snake Pit)
 17142 | Snake:2  | Received a gift from Okawaru
 17143 | Snake:2  | Reached skill level 18 in Axes
 17149 | Snake:2  | Killed Frances
 17150 | Snake:2  | Reached skill level 1 in Evocations
 17164 | Snake:2  | Found Amienido's Book Emporium.
 17169 | Snake:2  | Found Midodgh's Jewellery Boutique.
 17170 | Snake:2  | Found Ypnubbad's Book Emporium.
 17351 | Snake:2  | Found a snail-covered altar of Cheibriados.
 17511 | Snake:3  | Noticed Vashnia
 17569 | Snake:3  | Shot with a bolt by Vashnia

Illustrated notes

Levels and vault maps discovered:
D:1:      heliophobic_arrival_ceremonial_halls, layout_basic,
          dreamdust_ecumenical_altar_angels_and_demons, hangedman_feature_mirror
D:2:      layout_basic, basic_altar, hex_tiny, uniq_terence
D:3:      layout_loops_ring, mainiacjoe_overflow_surrounded_room,
          mainiacjoe_overflow_cross_hatched, gammafunk_ghost_nasty_kobolds,
          amcnicky_mini_rare_corridor_liquid, st_stairs_13, uniq_grinder
D:4:      layout_loops_ring, minmay_temple_entry_mini_moons
D:5:      nicolae_cairo_tiling_very_big, layout_rooms,
          okawaru_ov_weapons_minmay, amethyst_overflow_temple_binary,
          amethyst_killhole
D:6:      kennysheep_steamy, layout_gridville,
          lemuel_mausoleum_altar_yredelemnul, kennysheep_little_box,
          nicolae_hepliaklqana_hazy_memory
D:7:      layout_basic, uniq_maggie, uniq_menkaure
D:8:      layout_loops_cross, enter_bailey_4, uniq_gastronok
D:9:      layout_loops_cross, kennysheep_mini, fedhas_altar_2,
          lemuel_crystal_altar, nicolae_overflow_hidden_temple,
          nicolae_overflow_crystal_walls, dpeg_lair_monsters,
          grunt_ministairs_15
D:10:     layout_basic, serial_glass, glass_columns_a, glass_columns_c,
          glass_columns_b, glass_columns_c, glass_columns_a, glass_columns_a,
          uniq_urug
D:11:     layout_loops_ring, serial_shops, shop, nicolae_shop_waterfront, shop,
          nicolae_shop_drivethru, shop, chequers_serial_rivers_micro_e
Temple:   nicolae_temple_cloud_nine
Lair:1:   layout_gridlike
Lair:2:   layout_regular_city, minmay_swamp_entry_swarm,
          nicolae_quartered_pool_medium, minivault_25
Lair:3:   layout_loops_ring, guppyfry_snake_entry_island, minivault_24,
          serial_bayou_pond_c, chequers_serial_rivers_micro_b,
          grunt_megastairs_5
Lair:4:   layout_layer_cave
Lair:5:   evil_forest, layout_regular_city, slime_entry_1,
          portal_ice_cave_entry_pillars_1, chequers_serial_rivers_micro_e,
          grunt_megastairs_4, serial_bayou_shore_a, infiniplex_staircase_pool_2
Snake:1:  layout_gridlike, nicolae_snake_yet_another_twisty_hallway
Snake:2:  layout_misc_corridors, basic_altar, minmay_shop_grove, uniq_frances,
          uniq_aizul
Snake:3:  layout_cave_pods, grunt_megastairs_2, serial_bayou_shore_b,
          uniq_vashnia
Hell

Skill      XL: |  1  2  3  4  5  6  7  8  9 10 11 12 13 14 |
---------------+-------------------------------------------+-----
Axes           | 3 4 5 6 7 9 11 12 14 15 17 18 | 18.0
Fighting       | 4 5 6 7 8 9 10 11 12 13 | 13.4
Shields        | 4 5 6 7 8 9 10 11 12 13 | 13.4
Armour         | 4 5 6 7 8 9 10 11 12 13 | 13.5
Invocations    | 1 4 5 7 8 |  8.2
Throwing       | 1 4 5 |  5.4
Evocations     | 1 |  1.7

Action                     |  1- 3 |  4- 6 |  7- 9 | 10-12 | 13-15 || total
---------------------------+-------+-------+-------+-------+-------++-------
  Melee: War axe           |    91 |    55 |       |   138 |     9 ||   293
         Headbutt          |    11 |     8 |    18 |   101 |    82 ||   220
         Battleaxe         |       |    30 |   221 |    91 |       ||   342
         Broad axe         |       |       |       |   218 |   299 ||   517
  Throw: Boomerang         |       |       |     1 |    18 |    20 ||    39
 Invoke: Heroism           |       |       |       |     2 |       ||     2
         Finesse           |       |       |       |     1 |       ||     1
  Evoke: Wand              |       |       |     7 |       |       ||     7
    Use: Potion            |     1 |       |       |     1 |     1 ||     3
         Scroll            |       |     6 |     7 |    12 |     8 ||    33
 Armour: Scale mail        |    56 |    33 |       |       |       ||    89
         Chain mail        |       |    15 |   124 |   200 |   126 ||   465
  Dodge: Dodged            |    52 |    40 |    79 |   117 |   104 ||   392
  Block: Buckler           |    17 |    14 |       |    58 |    80 ||   169
